 Dungeon Crawl Stone Soup version 0.28.0 (webtiles) character file.

Game seed: 2361470029738078253

459 BeingJoeMalik the Cudgeller (level 6, -2/51 HPs)
             Began as a Draconian Fighter on Feb 16, 2022.
             Slain by an orc warrior (10 damage)
             ... on level 6 of the Dungeon.
             The game lasted 00:08:35 (3364 turns).

BeingJoeMalik the Cudgeller (Draconian Fighter)     Turns: 3364, Time: 00:08:36

Health: -2/51      AC:  6    Str: 18    XL:     6   Next: 78%
Magic:  6/6        EV: 16    Int:  9    God:
Gold:   173        SH:  4    Dex: 12    Spells: 5/5 levels left

rFire   . . .      SeeInvis .   a - +1 flail
rCold   . . .      Faith    .   b - +0 buckler
rNeg    . . .      Spirit   .   (armour unavailable)
rPois   +          Reflect  .   (helmet restricted)
rElec   .          Harm     .   (no cloak)
rCorr   .          Rampage  .   (no gloves)
Will    .....                   (no boots)
Stlth   +.........              e - amulet of magic regeneration
HPRegen 0.17/turn               l - +4 ring of evasion
MPRegen 0.50/turn               n - ring of poison resistance

@: mighty, brilliant
A: AC +6, unfitting armour, cold-blooded
a: no special abilities


You were on level 6 of the Dungeon.
You visited 1 branch of the dungeon, and saw 6 of its levels.

You collected 173 gold pieces.

Inventory:

Hand Weapons
 a - a +1 flail (weapon)
Missiles
 h - 5 poisoned darts (quivered)
Armour
 b - a +0 buckler (worn)
Jewellery
 e - an amulet of magic regeneration (around neck)
 l - a +4 ring of evasion (left hand)
 n - a ring of poison resistance (right hand)
 q - a ring of flight
Scrolls
 d - 5 scrolls of identify
 g - 2 scrolls of fear
Potions
 c - a potion of might
 k - a potion of curing


   Skills:
 - Level 3.2 Fighting
 + Level 7.4 Maces & Flails
 - Level 2.6 Dodging
 - Level 3.0 Shields


You had 5 spell levels left.
You didn't know any spells.
Your spell library contained the following spells:

 Spells                   Type           Power      Damage    Failure   Level
 Ozocubu's Armour         Ice            0%         N/A       85%         3
 Summon Guardian Golem    Hex/Summ       0%         N/A       85%         3
 Orb of Destruction       Conj           0%         9d5       100%        7
 Ozocubu's Refrigeration  Ice            0%         4d5       100%        7
 Spellforged Servitor     Conj/Summ      0%         N/A       100%        7


Dungeon Overview and Level Annotations

Branches:
Dungeon (6/15)
 Temple: D:4-7

Altars:
The Shining One

Shops:
D:5 ?

Annotations:
D:5 Dowan, Duvessa


Innate Abilities, Weirdness & Mutations

Your plain brown scales are hard. (AC +6)
You cannot fit into any form of body armour.
You are cold-blooded and may be slowed by cold attacks.


Message History

An orc wizard comes into view. It is wielding a +0 dagger.
You block the ufetubus's attack. The ufetubus barely misses you.
It was a potion of brilliance.
You feel clever all of a sudden. The ufetubus misses you.
The ufetubus barely misses you. The orc warrior closely misses you.
You sock the ufetubus!
You kill the ufetubus!
The orc warrior completely misses you.
Unknown command.
You thump the sky beast!
The sky beast is heavily wounded.
The orc warrior hits you from afar with a +0 glaive!
Unknown command.
You hit the sky beast.
The sky beast is heavily wounded.
The sentinel's mark upon you fades away.
The orc warrior hits you from afar with a +0 glaive!
* * * LOW HITPOINT WARNING * * *
You block the sky beast's attack.
Unknown command.
You feel much better. You block the orc warrior's attack.
The sky beast misses you.
Unknown command. 2 orcs come into view.
The orc warrior hits you from afar with a +0 glaive!
The orc warrior hits you with a +0 glaive!
* * * LOW HITPOINT WARNING * * *
Things that are here:
a +0 whip; a +0 ring mail; an orc corpse Unknown command.
Unknown command.
You barely miss the orc warrior. You block the orc warrior's attack.
The orc warrior closely misses you. The sky beast completely misses you.
Unknown command.
Okay, then.
You closely miss the orc warrior. You tail-slap the orc warrior.
The orc warrior is lightly wounded.
The orc warrior hits you from afar with a +0 glaive!
You die...

#########
#.################.....#.#
.......<.##oo@YSZ(..#[.#.#####
...#####.##o####.......#......
#.oo.# #.#..##....#### ######
#.#.....>..# #.#.###....#
#.#.# #.#.## #.#.# #.#.# #.#.#
#.#.# .... ....#


You could see 2 orc warriors, a water moccasin, a sky beast, an orc wizard, 2
orcs and a bullfrog skeleton.

Vanquished Creatures
  A water moccasin (D:6)
  A black bear (D:5)
  A wyvern zombie (D:5)
  A jelly (D:4)
  2 iguanas
  3 gnolls (D:3)
  An ufetubus (D:6)
  2 worms
  3 dart slugs
  An orc (D:6)
  5 bats
  10 endoplasms
  2 giant cockroaches
  4 goblins
  7 hobgoblins
  8 jackals
  2 quokkas
  2 ball pythons
  A frilled lizard (D:1)
  3 kobolds
  6 rats
66 creatures vanquished.

Notes
Turn   | Place    | Note
-------+----------+-------------------------------------------
     0 | D:1      | BeingJoeMalik the Draconian Fighter began the quest for the
                  | Orb.
     0 | D:1      | Reached XP level 1. HP: 19/19 MP: 1/1
    82 | D:1      | Reached XP level 2. HP: 19/26 MP: 2/2
   190 | D:1      | Reached skill level 3 in Maces & Flails
   490 | D:1      | Found a faded altar of an unknown god.
   655 | D:2      | Reached XP level 3. HP: 29/31 MP: 3/3
  1179 | D:2      | Reached skill level 4 in Maces & Flails
  1370 | D:2      | Found a glowing golden altar of the Shining One.
  1557 | D:3      | You fall into a shaft and drop 1 floor!
  1709 | D:2      | Reached XP level 4. HP: 8/38 MP: 4/4
  2505 | D:3      | Reached skill level 5 in Maces & Flails
  2849 | D:4      | Reached XP level 5. HP: 38/45 MP: 5/5
  2940 | D:4      | Noticed an ogre
  3114 | D:5      | Entered Level 5 of the Dungeon
  3134 | D:5      | Reached skill level 6 in Maces & Flails
  3145 | D:5      | Noticed a black bear
  3159 | D:5      | Killed a black bear
  3160 | D:5      | Reached XP level 6. HP: 48/51 MP: 6/6
  3281 | D:5      | Found Yminal's Magic Scroll Shop.
  3297 | D:5      | Noticed Duvessa
  3297 | D:5      | Noticed Dowan
  3297 | D:5      | Noticed a troll
  3337 | D:6      | Noticed a water moccasin
  3351 | D:6      | Noticed a sky beast
  3352 | D:6      | Killed a water moccasin
  3353 | D:6      | Reached skill level 7 in Maces & Flails
  3353 | D:6      | Noticed an orc warrior
  3355 | D:6      | Noticed a water moccasin
  3355 | D:6      | Noticed an orc warrior
  3364 | D:6      | Slain by an orc warrior

Illustrated notes

Levels and vault maps discovered:
D:1:      minmay_arrival_up_and_down, layout_rooms,
          dreamdust_ecumenical_altar_hidden_monk_grotto,
          amcnicky_mini_pool_small
D:2:      layout_loops_cross, basic_altar, kennysheep_small_spiral,
          minmay_ruptured
D:3:      layout_basic, chequers_avenue
D:4:      layout_loops_ring, fountainhead
D:5:      layout_rooms, serial_shops, nicolae_shop_trees,
          minmay_tree_intersection, chequers_serial_rivers_small_b, uniq_ijyb,
          uniq_grinder, uniq_duvessa
D:6:      layout_loops_ring, minmay_temple_entry_glass, serial_shops,
          nicolae_lakefront_shop, gammafunk_ghost_gnarly_gnolls, uniq_eustachio

Skill      XL: |  1  2  3  4  5  6 |
---------------+-------------------+-----
Maces & Flails | 3 4 5 6 7 |  7.4
Fighting       | |  3.2
Dodging        | |  2.6
Shields        | |  3.0

Action                   |  1- 3 |  4- 6 || total
-------------------------+-------+-------++-------
Melee: Flail             |   116 |    81 ||   197
       Tailslap          |    11 |    11 ||    22
Throw: Dart              |       |     9 ||     9
  Use: Scroll            |     1 |     6 ||     7
       Potion            |       |     4 ||     4
Armor: Skin              |    31 |    10 ||    41
Dodge: Dodged            |    68 |    58 ||   126
Block: Buckler           |    17 |    22 ||    39
